Warning! The script has encountered some errors when parsing the replay. Please report them to the . » details
0x00, prev: 0x16: 16 02 01 00 65 6C 00 00 30 C5 00 00 [00] 00 00 00 00 00 00 00 00 00 00 00 00 00 00 00 00 00 00 00 00 00 00 00 00 00
0x00, prev: 0x00: 00 00 00 00 00 00 00 00 00 00 00 00 00 00 00 00 00 00 00 00 00 00 [00] 00 10 00
0x00, prev: 0x01: 16 02 01 00 59 77 00 00 D3 74 07 00 00 00 00 00 00 00 00 00 00 00 00 00 00 00 00 00 00 00 00 00 00 00 00 00 01 [00]
0x00, prev: 0x02: 16 02 01 00 65 6C 00 00 30 C5 00 00 00 00 00 00 00 00 00 00 00 00 00 00 00 00 00 00 00 00 00 00 00 00 00 00 02 [00] 03 1F 00 12 08 00 03 00 0D 00 FF FF FF FF FF FF FF FF C1 16 B1 C5 B6 7C 8E 45 FF FF FF FF FF FF FF FF
0x00, prev: 0x04: 16 02 01 00 E0 79 00 00 6B 74 03 00 00 00 00 00 00 00 00 00 00 00 00 00 00 00 00 00 00 00 00 00 00 00 00 00 04 [00]
0x0A, prev: 0x00: 16 02 01 00 7D 74 00 00 45 CD 02 00 00 00 00 00 00 00 00 00 00 00 00 00 00 00 00 00 00 00 00 00 00 00 00 00 [0A] 00
0x0B, prev: 0x00: 16 02 01 00 8D 5D 00 00 8D 5D 00 00 00 00 00 00 00 00 00 00 00 00 00 00 00 00 00 00 00 00 00 00 00 00 00 00 [0B] 00
0x0C, prev: 0x00: 16 02 01 00 74 6A 00 00 46 01 04 00 00 00 00 00 00 00 00 00 00 00 00 00 00 00 00 00 00 00 00 00 00 00 00 00 [0C] 00
0x0E, prev: 0x00: 16 02 01 00 46 63 00 00 33 B3 0C 00 00 00 00 00 00 00 00 00 00 00 00 00 00 00 00 00 00 00 00 00 00 00 00 00 [0E] 00
General information
- name: BNet
- type: Ladder 1vs1/FFA
- host: Battle.net
- saver: PingGnome.
map: Monsoon
- players: 4
- length: 80:43
- speed: Fast
- version: 1.23 W3XP
- replay type: Public
» download(234 KB)
Players
team 1 (loser)
Player 1 (
orange | 66 APM | 3223 actions | 48:44)
8 Blademaster
3 Wind Walk
3 Critical Strike
1 Bladestorm
1 Mirror Image
1 Goblin Alchemist
1 Chemical Rage
1 Goblin Tinker
1 Engineering Upgrade
» actions
| Assign group hotkey | 38 | |
| Basic commands | 53 | |
| Build / train | 278 | |
| Enter build submenu | 39 | |
| Enter hero's abilities submenu | 10 | |
| Give item / drop item | 91 | |
| Right click | 1201 | |
| Select / deselect | 535 | |
| Select group hotkey | 659 | |
| Use ability | 317 | |
3223 total
» units
| Peon | 43 | |
| Troll Batrider | 32 | |
| Wind Rider | 16 | |
| Troll Witch Doctor | 4 | |
| Kodo Beast | 22 | |
117 total
» upgrades
| Ranged Weapons | 2 | |
| Armor | 3 | |
| Liquid Fire | 1 | |
| Ensnare | 1 | |
| Envenomed Spears | 1 | |
| Shaman Training | 2 | |
| Witch Doctor Training | 2 | |
| Spirit Walker Training | 2 | |
| Pulverize | 1 | |
| Melee Weapons | 3 | |
| War Drums Damage Increase | 1 | |
| Spiked Barricades | 3 | |
| Reinforced Defenses | 1 | |
| Backpack | 1 | |
| Pillage | 1 | |
| Berserker Upgrade | 1 | |
| Troll Regeneration | 1 | |
| Berserker Strength | 1 | |
| Burning Oil | 1 | |
29 total
» buildings
| Altar of Storms | 1 | |
| Orc Burrow | 7 | |
| War Mill | 2 | |
| Voodoo Lounge | 1 | |
| Watch Tower | 7 | |
| Stronghold | 4 | |
| Fortress | 1 | |
| Beastiary | 3 | |
| Great Hall | 5 | |
| Tauren Totem | 3 | |
| Spirit Lodge | 3 | |
| Barracks | 3 | |
40 total
» build order
00:14 Altar of Storms
00:19 Orc Burrow
00:28 War Mill
01:06 Voodoo Lounge
02:08 Watch Tower
02:13 Watch Tower
02:18 Watch Tower
02:41 Watch Tower
03:20 Stronghold
03:21 Stronghold
03:21 Stronghold
03:50 Watch Tower
05:24 Watch Tower
17:05 Great Hall
17:30 Tauren Totem
17:32 Spirit Lodge
17:36 Spirit Lodge
17:36 Spirit Lodge
19:50 Tauren Totem
19:53 Tauren Totem
19:55 War Mill
20:06 Orc Burrow
20:06 Orc Burrow
20:08 Orc Burrow
23:38 Great Hall
29:19 Great Hall
33:21 Great Hall
37:45 Great Hall
48:44 Barracks
» items
| Lesser Clarity Potion | 8 | |
| Healing Salve | 6 | |
| Potion of Mana | 8 | |
| Dust of Appearance | 45 | |
| Orb of Lightning | 1 | |
| Scroll of Town Portal | 4 | |
| Potion of Healing | 7 | |
| Scroll of Speed | 1 | |
| Potion of Lesser Invulnerability | 8 | |
| Boots of Speed | 5 | |
| Potion of Invisibility | 4 | |
97 total
team 2 (winner)
PingGnome. (
green | 80 APM | 3890 actions | 48:44)
7 Blademaster
2 Wind Walk
2 Critical Strike
1 Bladestorm
2 Mirror Image
6 Dark Ranger
3 Silence
2 Life Drain
1 Charm
2 Priestess of the Moon
1 Trueshot Aura
1 Scout
» actions
| Assign group hotkey | 73 | |
| Basic commands | 44 | |
| Build / train | 261 | |
| ESC pressed | 10 | |
| Enter build submenu | 53 | |
| Enter hero's abilities submenu | 18 | |
| Give item / drop item | 22 | |
| Right click | 1452 | |
| Select / deselect | 717 | |
| Select group hotkey | 850 | |
| Use ability | 390 | |
3890 total
» units
| Peon | 25 | |
| Troll Batrider | 23 | |
| Ghoul | 2 | |
| Wisp | 5 | |
| Wind Rider | 1 | |
| Troll Witch Doctor | 1 | |
| Shaman | 2 | |
| Faerie Dragon | 1 | |
| Druid of the Talon | 1 | |
61 total
» upgrades
| Ranged Weapons | 2 | |
| Liquid Fire | 1 | |
| Reinforced Defenses | 1 | |
| Armor | 2 | |
| Strength of the Moon | 3 | |
| Strength of the Wild | 3 | |
| Ultravision | 1 | |
| Reinforced Hides | 3 | |
| Moon Armor | 3 | |
| Pillage | 1 | |
| Ensnare | 1 | |
| Envenomed Spears | 1 | |
| War Drums Damage Increase | 1 | |
| Melee Weapons | 2 | |
| Spiked Barricades | 1 | |
| Druid of the Talon Training | 2 | |
| Hippogryph Taming | 1 | |
| Cannibalize | 1 | |
| Unholy Strength | 3 | |
| Creature Attack | 3 | |
| Creature Carapace | 3 | |
| Unholy Armor | 3 | |
| Pulverize | 1 | |
| Shaman Training | 2 | |
| Witch Doctor Training | 2 | |
| Berserker Strength | 1 | |
| Berserker Upgrade | 1 | |
| Troll Regeneration | 1 | |
| Burning Oil | 1 | |
| Spirit Walker Training | 2 | |
| Well Spring | 1 | |
| Nature's Blessing | 1 | |
| Backpack | 3 | |
| Ghoul Frenzy | 1 | |
| Stone Form | 2 | |
| Mark of the Talon | 1 | |
| Druid of the Claw Training | 2 | |
| Hardened Skin | 1 | |
| Abolish Magic | 1 | |
| Corrosive Breath | 1 | |
| Sentinel | 1 | |
| Marksmanship | 1 | |
| Upgrade Moon Glaive | 1 | |
| Improved Bows | 1 | |
| Vorpal Blades | 1 | |
| Mark of the Claw | 1 | |
| Resistant Skin | 1 | |
| Exhume Corpses | 1 | |
| Disease Cloud | 1 | |
| Destroyer Form | 1 | |
| Necromancer Training | 2 | |
| Banshee Training | 2 | |
| Skeletal Longevity | 1 | |
| Skeletal Mastery | 1 | |
| Freezing Breath | 1 | |
84 total
» buildings
| Altar of Storms | 1 | |
| Orc Burrow | 5 | |
| Voodoo Lounge | 5 | |
| War Mill | 1 | |
| Watch Tower | 5 | |
| Stronghold | 4 | |
| Fortress | 2 | |
| Beastiary | 5 | |
| Great Hall | 3 | |
| Tree of Life | 1 | |
| Altar of Elders | 1 | |
| Tree of Ages | 1 | |
| Necropolis | 1 | |
| Hunter's Hall | 1 | |
| Tree of Eternity | 1 | |
| Halls of the Dead | 1 | |
| Altar of Darkness | 1 | |
| Graveyard | 1 | |
| Ancient of Wind | 1 | |
| Crypt | 1 | |
| Tauren Totem | 1 | |
| Spirit Lodge | 3 | |
| Barracks | 2 | |
| Black Citadel | 1 | |
| Ancient of Lore | 1 | |
| Tomb of Relics | 1 | |
| Ancient of Wonders | 1 | |
| Ancient of War | 1 | |
| Chimaera Roost | 1 | |
| Temple of the Damned | 1 | |
| Slaughterhouse | 1 | |
| Sacrificial Pit | 1 | |
| Boneyard | 1 | |
58 total
» build order
00:08 Altar of Storms
00:12 Orc Burrow
00:35 Voodoo Lounge
01:39 War Mill
02:25 Orc Burrow
02:54 Watch Tower
02:57 Watch Tower
03:33 Watch Tower
03:50 Orc Burrow
07:54 Great Hall
15:23 Voodoo Lounge
19:28 Voodoo Lounge
19:29 Voodoo Lounge
19:29 Voodoo Lounge
20:35 Great Hall
21:14 Beastiary
21:17 Beastiary
24:57 Great Hall
30:43 Tree of Life
31:27 Altar of Elders
33:16 Tree of Ages
34:03 Necropolis
35:14 Hunter's Hall
35:59 Tree of Eternity
36:02 Halls of the Dead
36:07 Altar of Darkness
36:12 Graveyard
36:29 Ancient of Wind
36:33 Crypt
37:35 Tauren Totem
37:37 Spirit Lodge
37:38 Spirit Lodge
37:39 Spirit Lodge
37:43 Barracks
37:45 Barracks
38:45 Black Citadel
40:57 Ancient of Lore
41:12 Tomb of Relics
41:34 Ancient of Wonders
41:38 Ancient of War
41:41 Chimaera Roost
48:44 Boneyard
» items
| Lesser Clarity Potion | 13 | |
| Healing Salve | 7 | |
| Circlet of Nobility | 1 | |
| Boots of Speed | 2 | |
| Staff of Teleportation | 2 | |
| Potion of Mana | 27 | |
| Potion of Healing | 12 | |
| Potion of Lesser Invulnerability | 7 | |
| Orb of Lightning | 2 | |
| Tiny Great Hall | 1 | |
| Scroll of Town Portal | 5 | |
| Potion of Invisibility | 1 | |
80 total
team 3 (loser)
Player 3 (
red | 95 APM | 657 actions | 06:55)
2 Demon Hunter
1 Mana Burn
1 Evasion
1 Warden
1 Shadow Strike
1 Priestess of the Moon
1 Searing Arrows
» actions
| Assign group hotkey | 7 | |
| Build / train | 45 | |
| ESC pressed | 2 | |
| Enter build submenu | 27 | |
| Enter hero's abilities submenu | 4 | |
| Remove unit from queue | 2 | |
| Right click | 189 | |
| Select / deselect | 178 | |
| Select group hotkey | 161 | |
| Use ability | 42 | |
657 total
» units
» upgrades
| Druid of the Talon Training | 1 | |
| Strength of the Wild | 1 | |
| Reinforced Hides | 1 | |
3 total
» buildings
| Altar of Elders | 1 | |
| Moon Well | 10 | |
| Ancient of War | 1 | |
| Tree of Ages | 1 | |
| Tree of Life | 3 | |
| Ancient of Wind | 1 | |
| Tree of Eternity | 1 | |
| Hunter's Hall | 1 | |
| Chimaera Roost | 3 | |
| Ancient Protector | 1 | |
23 total
» build order
00:11 Altar of Elders
00:24 Moon Well
01:10 Ancient of War
01:37 Moon Well
02:37 Moon Well
02:58 Tree of Ages
03:48 Moon Well
03:50 Moon Well
04:09 Chimaera Roost
04:18 Moon Well
05:14 Moon Well
» items
team 4 (loser)
Player 4 (
purple | 31 APM | 1512 actions | 48:44)
2 Death Knight
1 Death Coil
1 Unholy Aura
1 Lich
1 Frost Nova
» actions
| Assign group hotkey | 31 | |
| Basic commands | 22 | |
| Build / train | 82 | |
| ESC pressed | 2 | |
| Enter build submenu | 34 | |
| Enter hero's abilities submenu | 3 | |
| Give item / drop item | 1 | |
| Right click | 600 | |
| Select / deselect | 261 | |
| Select group hotkey | 377 | |
| Use ability | 99 | |
1512 total
» units
| Acolyte | 28 | |
| Ghoul | 6 | |
| Obsidian Statue | 4 | |
| Crypt Fiend | 4 | |
| Frost Wyrm | 2 | |
44 total
» upgrades
| Creature Attack | 1 | |
| Destroyer Form | 1 | |
| Creature Carapace | 1 | |
| Web | 1 | |
| Burrow | 1 | |
5 total
» buildings
| Crypt | 4 | |
| Altar of Darkness | 1 | |
| Ziggurat | 17 | |
| Graveyard | 1 | |
| Tomb of Relics | 1 | |
| Nerubian Tower | 5 | |
| Halls of the Dead | 1 | |
| Sacrificial Pit | 2 | |
| Spirit Tower | 9 | |
| Black Citadel | 4 | |
| Slaughterhouse | 2 | |
| Boneyard | 2 | |
49 total
» build order
00:11 Crypt
00:13 Altar of Darkness
00:37 Ziggurat
00:58 Graveyard
01:12 Tomb of Relics
01:57 Ziggurat
02:16 Nerubian Tower
03:07 Halls of the Dead
03:40 Ziggurat
03:43 Ziggurat
03:50 Ziggurat
04:30 Boneyard
04:31 Boneyard
06:03 Spirit Tower
06:07 Ziggurat
06:10 Ziggurat
06:19 Crypt
06:24 Crypt
06:29 Crypt
07:50 Spirit Tower
16:42 Sacrificial Pit
19:50 Ziggurat
19:52 Ziggurat
19:56 Ziggurat
19:58 Ziggurat
21:16 Nerubian Tower
21:17 Spirit Tower
» items
| Rod of Necromancy | 1 | |
| Dust of Appearance | 4 | |
| Boots of Speed | 1 | |
| Periapt of Vitality | 1 | |
| Orb of Corruption | 1 | |
8 total
Chat log
(00:22 / Specific player) PingGnome.: gay placement
(00:30 / Specific player) PingGnome.: anyway we can always bat the ne
(00:47 / All) Player 4: how y'all doin?
(00:54 / All) PingGnome.: uf rom texas or sometinhg?
(01:02 / All) Player 4: nah
(01:09 / All) PingGnome.: good
(01:11 / All) PingGnome.: i hate those joiks
(01:20 / All) Player 4: joiks?
(01:28 / All) PingGnome.: im from joisey
(01:29 / 4) Player 1: lol
(01:33 / All) Player 4: aha
(01:35 / All) Player 4: makes sense
(01:54 / Specific player) PingGnome.: i guess just cc
(01:55 / Specific player) PingGnome.: then bat elf
(01:57 / Specific player) PingGnome.: tower first
(03:11 / 4) Player 1: what a hacker
(03:14 / 4) Player 1: he sprinted to me creeping
(03:19 / Specific player) PingGnome.: ew
(03:20 / Specific player) PingGnome.: oh well
(03:21 / Specific player) PingGnome.: jsut go bats
(03:25 / Specific player) PingGnome.: we only have to get hte ne
(03:50 / All) Player 4: ok oj seriously hax
(04:00 / All) Player 4: walked next to my shade and dusted in my territory?
(04:03 / All) Player 4: how is that not hax..
(04:04 / All) Player 4: explain
(04:13 / Specific player) PingGnome.: lol
(04:33 / All) PingGnome.: say something if he attks ur base
(04:41 / All) Player 4: he's teching to something
(04:41 / 4) Player 1: ready to vbat
(04:48 / Specific player) PingGnome.: k move urs
(04:49 / Specific player) PingGnome.: into pos
(05:00 / Specific player) PingGnome.: go now
(05:30 / Specific player) PingGnome.: get his main
(05:45 / 4) Player 1: gogiog
(05:51 / All) Player 4: masing towe4rs and air
(06:01 / All) PingGnome.: :>
(06:05 / All) Player 3: greens just mass bats
(06:08 / All) Player 3: fucking faggot
(06:14 / All) PingGnome.: gg
(06:15 / All) PingGnome.: it was 2v2
(06:18 / All) PingGnome.: fair teams
(06:32 / All) Player 3: nice hacks
(06:33 / All) Player 3: teamers
(06:34 / All) Player 3: eh
(06:37 / All) Player 3: fuck off
(06:39 / All) PingGnome.: we dont hack
(06:41 / All) PingGnome.: purp does
(06:46 / All) Player 4: lol bullshit green
(06:52 / All) Player 4: oj walks right next to my shade 3 times and dusts?
(06:56 / All) Player 4: lucky fucker
(06:57 / All) PingGnome.: nice creepjack at start
(06:58 / All) PingGnome.: nerd
(07:20 / 4) Player 1: now the ud
(07:30 / Specific player) PingGnome.: dotn make antmore bats
(07:32 / Specific player) PingGnome.: they food now
(07:53 / All) Player 4: he coming ot me
(07:57 / All) PingGnome.: we teamed itiod
(08:02 / All) Player 1: buttmoron hacker
(08:07 / All) Player 1: jack my green creep at start
(08:18 / All) Player 4: u call me a hacker when u hack.. lovely
(08:19 / All) PingGnome.: he chated me
(08:20 / All) PingGnome.: after u did that
(08:22 / All) PingGnome.: sop we teamed u
(08:27 / All) PingGnome.: good going
(08:31 / All) PingGnome.: u got urself a loss
(08:32 / All) PingGnome.: for what?
(08:34 / All) PingGnome.: 50 xp?
(08:57 / Specific player) PingGnome.: bat my bats
(09:07 / 4) Player 1: mine are all dead
(09:25 / All) Player 4: thx for admitting to teaming/hacking 2. hope u enjoy ban
(09:26 / 4) Player 1: ill jsut use my hero
(09:28 / 4) Player 1: it has orb
(09:29 / All) PingGnome.: rofl
(09:30 / All) PingGnome.: clown
(09:32 / All) Player 1: noob
(09:35 / All) Player 1: i never said i dont hack
(09:41 / All) Player 1: i just said i wasnt a buttmoron about it
(09:43 / All) Player 4: exactly
(09:45 / All) Player 1: like you
(09:49 / All) PingGnome.: maphacker creep jacker
(09:51 / All) Player 4: i don't hack u fucking tool
(09:52 / All) PingGnome.: self whacker
(09:57 / All) Player 4: wow watch replay fool
(10:02 / All) Player 4: it's called scouting
(10:04 / All) Player 4: try it sometime
(10:08 / All) Player 1: i hack
(10:10 / All) PingGnome.: sprinting aroudn map
(10:10 / All) Player 1: you cant fool me
(10:12 / All) Player 1: you didnt scout
(10:13 / All) Player 1: duh
(10:16 / All) Player 1: what do you thinK?
(10:22 / All) PingGnome.: We in clan ggmf
(10:23 / All) PingGnome.: we hack
(10:25 / All) PingGnome.: and preteam
(10:27 / All) PingGnome.: waht u gonna do
(10:41 / All) Player 4: ban u
(10:51 / All) Player 1: ok admin
(10:55 / All) Player 1: oh wait
(10:59 / All) Player 1: youre not an admin
(11:02 / All) PingGnome.: he gonna ban all ggmf from his dota hosted games
(11:03 / All) Player 1: sux4u
(11:15 / All) Player 4: sigh.. alright well hope u enjoy blizz banning u faggots
(11:22 / All) Player 4: that way u have more time to suck each others dicks
(11:23 / All) PingGnome.: bye noob
(11:23 / All) PingGnome.: leave
(11:24 / All) PingGnome.: leave
(11:25 / All) PingGnome.: bye
(11:26 / All) PingGnome.: noob
(11:27 / All) PingGnome.: leave
(11:27 / All) Player 1: get out
(11:28 / All) Player 1: nab
(11:29 / All) Player 1: leave
(11:29 / All) Player 1: leave
(11:42 / All) Player 1: whats wrong?
(11:45 / All) Player 1: werent you leaving?
(11:47 / All) Player 1: get out already
(11:50 / All) Player 1: like now
(11:54 / All) Player 4: nah
(11:57 / All) Player 4: i'll make u faggots work
(12:02 / All) PingGnome.: lo9l
(12:03 / All) Player 1: really?
(12:04 / All) PingGnome.: this is the fun part
(12:06 / All) Player 1: this is work?
(12:08 / All) PingGnome.: the sucky part is boring start
(12:13 / All) PingGnome.: so really u increasing the fun:suck ratio
(12:14 / All) PingGnome.: thx u
(12:23 / All) Player 4: it's no problem
(12:30 / All) PingGnome.: u like that?
(12:32 / All) PingGnome.: storm n staff
(12:40 / All) Player 4: oh i'm sry.. did u do something?
(12:42 / All) Player 4: i blacked out
(12:53 / All) Player 1: from rage?
(12:54 / All) PingGnome.: i did the thing
(12:58 / All) Player 4: u kids r garbage
(13:00 / All) PingGnome.: u were furiously right clicking ur shitstain army
(13:02 / All) PingGnome.: to escape form
(13:04 / All) PingGnome.: that was me
(13:10 / All) PingGnome.: did it really make u black out?
(13:11 / All) PingGnome.: ROFL
(13:16 / All) PingGnome.: the awesome power of storm n staff
(13:26 / All) Player 1: haw haw
(13:29 / All) PingGnome.: did he unsummon his shade pit or something
(13:44 / Specific player) PingGnome.: dotn feed
(13:53 / Specific player) PingGnome.: ill feed u bats for 6
(14:04 / All) Player 4: aww
(14:07 / All) Player 4: go cry
(14:09 / All) Player 4: fucking noob
(14:25 / Specific player) PingGnome.: creep the middle
(14:27 / Specific player) PingGnome.: its killn my bats
(14:38 / Specific player) PingGnome.: actually
(14:39 / Specific player) PingGnome.: go bottom
(14:41 / All) Player 1: I thought you'd be the one to cry
(14:43 / Specific player) PingGnome.: help me kill big red gu
(14:44 / Specific player) PingGnome.: gogogog bottom
(14:45 / All) Player 1: we're the ones winning after all
(14:48 / Specific player) PingGnome.: gogogogo bottom
(14:49 / All) Player 4: nah i'm not a noob
(14:53 / All) PingGnome.: nigger
(14:54 / All) PingGnome.: ur black
(14:55 / All) Player 4: u have to use hax to win
(14:55 / All) PingGnome.: pardo
(14:56 / All) Player 1: i forgot
(14:58 / All) Player 1: you like to lose
(15:10 / All) Player 4: gloat more about being able to use hax
(15:13 / All) Player 4: only makes u seem more pathetic
(15:28 / All) PingGnome.: my skin is pale as snow
(15:31 / All) PingGnome.: and i have indoor pklumbing
(15:37 / All) Player 4: sad
(15:47 / Specific player) PingGnome.: now tpp
(15:52 / All) Player 4: so u faggots gonna finish me or should i just alt tab?
(15:57 / All) PingGnome.: alt tab
(16:01 / All) Player 1: alt tab would be fine
(16:08 / All) PingGnome.: be sure to move ur shitty dk around whenever we hit
(16:11 / All) PingGnome.: so we know ur only pretended
(16:43 / Specific player) PingGnome.: oops
(16:58 / Specific player) PingGnome.: sending u bats
(16:59 / Specific player) PingGnome.: for xp
(17:02 / Specific player) PingGnome.: dotn run from them
(17:07 / All) Player 4: i'm waiting..
(17:12 / All) Player 1: keep waiting
(17:19 / All) PingGnome.: and hesitating
(17:27 / All) Player 4: lol i forgot. u kids don't have a life
(17:29 / Specific player) PingGnome.: we gonna dual storm him
(17:30 / All) Player 4: works for me
(17:32 / Specific player) PingGnome.: get invul pot
(17:34 / Specific player) PingGnome.: and heal up
(17:52 / Specific player) PingGnome.: heal up and get invul pot
(18:02 / Specific player) PingGnome.: top shop
(18:03 / Specific player) PingGnome.: has one
(18:05 / Specific player) PingGnome.: i took bottom shop
(18:15 / All) Player 1: you think its sad to spend this much time on a win and thats why we have no life?
(18:16 / Specific player) PingGnome.: he has shades so u have to go in then storm fast
(18:17 / All) Player 1: what about you
(18:22 / Specific player) PingGnome.: go on south side
(18:23 / All) Player 1: youre spending this much time just to lose
(18:24 / Specific player) PingGnome.: of necropolist
(18:26 / Specific player) PingGnome.: run to south side
(18:28 / Specific player) PingGnome.: and invulstorm
(18:33 / All) Player 4: cuz idc. it's just a game u idiot
(18:37 / Specific player) PingGnome.: south side of necrop
(18:38 / All) Player 1: same for me then
(18:39 / Specific player) PingGnome.: touchign necrop
(18:40 / All) Player 4: lemme know when ur balls drop and u get a gf
(18:52 / All) Player 4: i can wait
(19:08 / All) PingGnome.: lol
(19:09 / All) Player 4: aww.
(19:11 / All) PingGnome.: furious devistation
(19:11 / All) Player 4: gotta pussy out?
(19:14 / All) PingGnome.: devastation
(19:30 / All) Player 4: lol u really want this win?
(19:31 / All) PingGnome.: come on
(19:32 / All) Player 4: u gotta earn it
(19:33 / All) PingGnome.: im at 30 food
(19:35 / All) PingGnome.: u cant ebat me
(19:37 / All) PingGnome.: wti that huge army
(19:38 / All) PingGnome.: ????
(19:39 / All) Player 4: nope
(19:41 / All) Player 4: guess not
(19:44 / All) Player 4: oh well
(20:07 / Specific player) PingGnome.: dont use those
(20:09 / Specific player) PingGnome.: jsut use bm
(20:38 / Specific player) PingGnome.: hey
(20:41 / Specific player) PingGnome.: if we got level 6 dr
(20:43 / Specific player) PingGnome.: we could charm wisps
(20:51 / 4) Player 1: u think?
(20:54 / Specific player) PingGnome.: ya
(21:15 / 4) Player 1: i want these wyverns ddead
(22:00 / Specific player) PingGnome.: gonna bat ur wys
(22:02 / Specific player) PingGnome.: for dr
(22:10 / Specific player) PingGnome.: send mid
(22:24 / Specific player) PingGnome.: send away form that creep
(22:35 / Specific player) PingGnome.: nvm ill creep more
(22:46 / All) Player 4: ...'
(22:49 / All) Player 4: isn't this fun
(22:54 / All) Player 1: for you
(22:58 / All) Player 4: 2 noobs with hax think they're good
(23:06 / All) Player 4: taking how long to get a win?
(23:07 / All) PingGnome.: what if we told u
(23:09 / All) PingGnome.: we dont think were good
(23:14 / All) Player 1: who said i thought i was good
(23:18 / All) Player 4: i think ur garbage
(23:33 / All) Player 4: but u 2 r acting like ur the shit
(23:36 / All) Player 4: i'm not impressed
(23:54 / All) PingGnome.: u mad?
(24:01 / Specific player) PingGnome.: make more xp for my 6
(24:01 / 4) Player 1: lets storm again
(24:07 / Specific player) PingGnome.: hold on
(24:13 / All) Player 4: nah im' chill
(24:15 / 4) Player 1: just kill one of my docs
(24:18 / All) Player 4: just waiting for ur next pathetic attempt
(24:40 / Specific player) PingGnome.: i need 21 lvels of xp
(24:40 / Specific player) PingGnome.: 2
(24:48 / All) Player 4: nice hax
(24:49 / Specific player) PingGnome.: sending bm to storm now
(24:51 / Specific player) PingGnome.: but make some xp
(24:51 / Specific player) PingGnome.: for mmid
(25:00 / All) Player 1: hax dont let you attack invisible units
(25:02 / All) Player 1: moron dumbass
(25:11 / Specific player) PingGnome.: lets go
(25:12 / Specific player) PingGnome.: rdy?
(25:14 / Specific player) PingGnome.: for invulstorm
(25:24 / Specific player) PingGnome.: uy therE/
(25:27 / 4) Player 1: ya
(25:29 / 4) Player 1: k
(25:30 / Specific player) PingGnome.: rdy for storm
(25:55 / 4) Player 1: no tp
(25:58 / 4) Player 1: : \
(26:03 / Specific player) PingGnome.: feed my dr
(26:04 / Specific player) PingGnome.: i want a wisp
(26:06 / Specific player) PingGnome.: before geame ends
(26:28 / All) Player 4: so how long's it gonan take for u 2 to grow up?
(26:36 / All) PingGnome.: that usually takes several years
(26:39 / All) PingGnome.: how logn u got
(26:41 / All) Player 1: LOL
(26:43 / All) Player 4: sad
(27:12 / Specific player) PingGnome.: thats like 75 xp
(27:15 / Specific player) PingGnome.: im gonna go creep 5
(27:19 / All) Player 4: alright well have fun faggots
(27:23 / All) Player 4: ima alt tab
(28:20 / Specific player) PingGnome.: k go t5
(28:24 / Specific player) PingGnome.: need 5000 xp hen im 6
(29:06 / 4) Player 1: whyd u make so many bats
(29:13 / Specific player) PingGnome.: was gonna feed u
(29:39 / Specific player) PingGnome.: 200 more
(30:06 / Specific player) PingGnome.: got it
(30:24 / Specific player) PingGnome.: look at my bm
(30:35 / Specific player) PingGnome.: +29
(30:40 / 4) Player 1: very nice
(30:52 / 4) Player 1: lets storm now
(30:54 / Specific player) PingGnome.: we coudl kill his main
(30:56 / Specific player) PingGnome.: i already did
(30:59 / Specific player) PingGnome.: but
(31:00 / 4) Player 1: o
(31:02 / Specific player) PingGnome.: ill invul focus
(32:47 / 4) Player 1: still another shade
(33:07 / 4) Player 1: lol
(33:08 / 4) Player 1: a chim
(33:50 / 4) Player 1: ur hero...
(34:12 / 4) Player 1: at least he didnt level form that
(34:17 / 4) Player 1: i dont want that gay to come back and see any suycbh thing
(34:24 / Specific player) PingGnome.: lol
(34:53 / 4) Player 1: clear for invis
(34:56 / 4) Player 1: no more shades
(35:19 / 4) Player 1: no more acos
(35:21 / 4) Player 1: no more shades
(36:44 / 4) Player 1: leave his dumb hero alive
(36:47 / 4) Player 1: i want it to stay alive
(38:03 / Specific player) PingGnome.: i have orc ud and ne
(39:36 / 4) Player 1: runway
(39:37 / 4) Player 1: of heal
(39:40 / Specific player) PingGnome.: lol
(40:03 / 4) Player 1: i never got boots of speed
(40:06 / 4) Player 1: guess i dont need
(41:22 / 4) Player 1: do you want those 2 spiders alive
(41:27 / Specific player) PingGnome.: u can kill them
(42:58 / Specific player) PingGnome.: whats
(42:59 / Specific player) PingGnome.: p[ulver
(43:01 / Specific player) PingGnome.: der ershceiniugn
(43:04 / 4) Player 1: ?
(43:08 / Specific player) PingGnome.: dust?
(43:09 / 4) Player 1: dust
(43:11 / 4) Player 1: of stupidity
(45:21 / 4) Player 1: thers a claws of nine at my natural expo
(45:51 / Specific player) PingGnome.: 102 food
(47:57 / Specific player) PingGnome.: actually
(48:00 / Specific player) PingGnome.: what we could hav done
(48:04 / Specific player) PingGnome.: was have me go 100 food with wyvs
(48:06 / Specific player) PingGnome.: then u keep making wyvs
(48:08 / Specific player) PingGnome.: and me charm them
(48:21 / 4) Player 1: we could still
(48:23 / 4) Player 1: until infinite food
(48:24 / Specific player) PingGnome.: k
(48:28 / Specific player) PingGnome.: start making
(48:29 / 4) Player 1: i wonder if you could crash the game
(48:44 / Specific player) PingGnome.: we done here